 Dungeon Crawl Stone Soup version 0.25-a0-589-g1e14c549ee (webtiles) character file.

Game seed: 15437546877191673771, levelgen mode: deterministic

86228 kae the Bludgeoner (level 15, -6/134 HPs)
             Began as a Demonspawn Gladiator on Mar 12, 2020.
             Was the Champion of Okawaru.
             Mangled by a slime creature (9 damage)
             ... on level 15 of the Dungeon.
             The game lasted 00:30:36 (21791 turns).

kae the Bludgeoner (Demonspawn Gladiator)          Turns: 21791, Time: 00:30:37

Health: -6/134     AC: 30    Str: 20    XL:     15   Next: 40%
Magic:  0/27       EV:  9    Int:  2    God:    Okawaru [******]
Gold:   902        SH:  0    Dex: 14    Spells: 14/14 levels left

rFire    . . .     SeeInvis +   w - +9 dire flail (protect)
rCold    + . .     Gourm    .   (shield currently unavailable)
rNeg     . . .     Faith    .   Q - +5 plate armour of Death Resistance {rElec Regen+ Int-4}
rPois    .         Spirit   +   (helmet unavailable)
rElec    +         Reflect  .   F - +2 cloak {+Inv}
rCorr    .         Harm     .   S - +1 pair of gloves of the Eleven Shrikes {Int-5 Slay+3 Stlth+}
MR       ++...                  T - +1 pair of boots
Stlth    +.........             E - amulet of magic regeneration
HPRegen  0.72/turn              K - ring "Danyific" {rElec rC+ Stlth+}
MPRegen  0.45/turn              Y - ring of protection from magic

@: heroism, corroded, protection aura, studying 2 skills
A: antennae 3, rugged brown scales 3, spiny 2, magic shield
a: Heroism, Finesse, Renounce Religion, Evoke Invisibility


You were on level 15 of the Dungeon.
You worshipped Okawaru.
Okawaru was exalted by your worship.
You were hungry.

You visited 3 branches of the dungeon, and saw 22 of its levels.
You also visited: Ossuary, Bailey, Gauntlet and Ice Cave.

You collected 1491 gold pieces.
You spent 589 gold pieces at shops.

Inventory:

Hand Weapons
 a - a +1 flail
 w - a +9 dire flail of protection (weapon)
Missiles
 d - 6 throwing nets (quivered)
Armour
 b - a +1 pair of gloves of strength
 F - a +2 cloak of invisibility (worn)
 G - the +1 ice dragon scales of the Duchess {rPois rF- rC++ MR- Str+2 Stlth+}
   (You found it in a bailey)

   It affects your strength (+2).
   It makes you vulnerable to fire.
   It greatly protects you from cold.
   It protects you from poison.
   It affects your resistance to hostile enchantments.
   It makes you more stealthy.
 J - the +0 pair of gloves of Lethargy {rPois MP+9}
   (You found it on level 9 of the Dungeon)

   It protects you from poison.
   It affects your magic capacity (+9).
 Q - the +5 plate armour of Death Resistance (worn) {rElec Regen+ Int-4}
   (Okawaru gifted it to you on level 1 of the Lair of Beasts)

   It affects your intelligence (-4).
   It insulates you from electricity.
   It increases your rate of regeneration.
 S - the +1 pair of gloves of the Eleven Shrikes (worn) {Int-5 Slay+3 Stlth+}
   (Okawaru gifted it to you on level 14 of the Dungeon)

   It affects your intelligence (-5).
   It affects your accuracy and damage with ranged weapons and melee attacks
   (+3).
   It makes you more stealthy.
 T - a +1 pair of boots (worn)
Jewellery
 p - an uncursed ring of ice {unknown}
 E - an amulet of magic regeneration (around neck)
 K - the ring "Danyific" (left hand) {rElec rC+ Stlth+}
   (You found it in a Gauntlet)

   [ring of stealth]

   It protects you from cold.
   It insulates you from electricity.
   It makes you more stealthy.
 O - an uncursed ring of flight
 Y - a ring of protection from magic (right hand)
Wands
 c - a wand of iceblast (41)
 j - a wand of random effects (33)
 k - a wand of flame (36)
 u - a wand of enslavement (7)
 y - a wand of paralysis (8)
 C - a wand of acid (16)
 D - a wand of digging (6)
 L - a wand of polymorph (4)
 M - a wand of clouds (10)
Scrolls
 g - 3 scrolls of amnesia
 i - 6 scrolls of magic mapping
 m - 5 scrolls of identify
 s - 3 scrolls of enchant armour
 B - 6 scrolls of remove curse
 H - 4 scrolls of teleportation
 I - 4 scrolls of fear
 W - 3 scrolls of enchant weapon
Potions
 h - 9 potions of heal wounds
 l - 7 potions of curing
 n - 4 potions of lignification
 o - 8 potions of might
 q - 8 potions of flight
 r - 3 potions of stabbing
 t - 3 potions of ambrosia
 v - 5 potions of haste
 x - 3 potions of resistance
 z - 5 potions of brilliance
 A - 5 potions of mutation
 R - 3 potions of magic
Books
 U - a manual of Ice Magic
 V - a manual of Ice Magic
 X - a manual of Stealth
Miscellaneous
 e - a tin of tremorstones
 P - a fan of gales
Comestibles
 f - 39 rations


   Skills:
 + Level 14.1(19.1) Fighting
 * Level 17.6(22.6) Maces & Flails
 - Level 1.7(6.7) Throwing
 - Level 2.6(7.6) Dodging
 + Level 16.0 Invocations


You had 14 spell levels left.
You didn't know any spells.
Your spell library contained the following spells:

 Spells                   Type           Power        Failure   Level  Hunger
 Corona                   Hex            #......      100%        1    ##.....
 Foxfire                  Conj/Fire      #...         100%        1    ##.....
 Infusion                 Chrm           #...         100%        1    ##.....
 Shock                    Conj/Air       #...         100%        1    ##.....
 Ensorcelled Hibernation  Hex/Ice        #.....       100%        2    ###....
 Shroud of Golubria       Chrm/Tloc      #.....       100%        2    ###....
 Song of Slaying          Chrm           #.......     100%        2    ###....
 Call Canine Familiar     Summ           #.......     100%        3    ####...
 Confusing Touch          Hex            #.......     100%        3    ####...
 Dazzling Flash           Conj/Hex       #.....       100%        3    ####...
 Gell's Gravitas          Tloc           #.........   100%        3    ####...
 Ozocubu's Armour         Chrm/Ice       #.......     100%        3    ####...
 Portal Projectile        Hex/Tloc       #.....       100%        3    ####...
 Spectral Weapon          Hex/Chrm       #.......     100%        3    ####...
 Summon Guardian Golem    Hex/Summ       #.......     100%        3    ####...
 Tukima's Dance           Hex            #.......     100%        3    ####...
 Irradiate                Conj/Tmut      #.........   100%        5    ######.
 Dispersal                Tloc           #.........   100%        6    #######
 Hydra Form               Tmut           #.........   100%        6    #######
 Shadow Creatures         Summ           N/A          100%        6    #######
 Statue Form              Tmut/Erth      #........    100%        6    #######
 Dragon Form              Tmut           #.........   100%        7    #######
 Orb of Destruction       Conj           #.........   100%        7    #######
 Ring of Flames           Chrm/Fire      #.........   100%        7    #######
 Controlled Blink         Tloc           N/A          100%        8    #######
 Disjunction              Tloc           #.........   100%        8    #######


Dungeon Overview and Level Annotations

Branches:
Dungeon (15/15)            Temple (1/1) D:7            Lair (6/6) D:9
  Swamp (0/4) Lair:4       Spider (0/4) Lair:3        Slime (0/5) Lair:6
    Orc (0/2) D:12         Vaults (0/5) D:14        Ossuary (visited)
 Bailey (visited)           IceCv (visited)         Gauntlet (visited)
 Depths: D:15

Altars:
Ashenzari
Cheibriados
Dithmenos
Elyvilon
Fedhas
Gozag
Hepliaklqana
Kikubaaqudgha
Makhleb
Nemelex Xobeh
Okawaru
Qazlal
Ru
Sif Muna
Trog
Uskayaw
Vehumet
Wu Jian
Xom
Yredelemnul
Zin
The Shining One

Shops:
D:4 *   D:6 *:}[=?   D:10 *   D:11 [   D:12 (

Annotations:
D:11 2 transporters, Yorgos's ghost, novice GnWn
Lair:6 1 runed translucent door, Scuka's ghost, journeyman GrEE


Innate Abilities, Weirdness & Mutations

You have a pair of large antennae on your head. (SInv)
You are completely covered in rugged brown scales. (AC +3, +7% HP)
You are mostly covered in sharp spines.
When hurt, damage is shared between your health and your magic reserves.


Message History

The titanic slime creature hits you!
* * * LOW HITPOINT WARNING * * *
You hit the titanic slime creature.
You kill the titanic slime creature!
Okawaru accepts your kill.
Your Invocations skill increases to level 16!
The acid dragon spits acid at you.
The splash of acid hits you but does no damage.
You are splashed with acid!
* * * LOW HITPOINT WARNING * * *
You hear a shout! x2
You bludgeon the slime creature!!
The slime creature is heavily wounded.
The centaur warrior shoots an arrow.
The arrow hits you but does no damage.
You thump the slime creature!
The slime creature is severely wounded.
The centaur warrior shoots an arrow.
The arrow hits you but does no damage.
The slime creature is struck by your spines.
The slime creature hits you!
You die...

.<#..........
.#..........
...........
#....c.....
..........
........#
#......# #@#
#J# J
#?D......
##.......
#......
...... #####.


You could see a slime creature, a centaur warrior and an acid dragon.

Vanquished Creatures
  Gastronok (Lair:1)
  A minotaur (Gauntlet)
  A death ooze (Gauntlet)
  Harold (D:9)
  Erica (D:8)
  4 hydras
  A shambling mangrove (Lair:6)
  3 centaur warriors (D:14)
  5 two-headed ogres
  3 catoblepae (Lair:6)
  16 death yaks
  A death knight (D:14)
  Urug (Lair:1)
  An iron troll (D:14)
  4 skeletal warriors (D:14)
  5 unseen horrors
  A lindwurm (D:14)
  A necromancer (IceCv)
  A wizard (D:14)
  An orc knight (Bailey)
  Pikel (D:6)
  A phantasmal warrior (D:14)
  A wolf spider (D:12)
  2 oklob plants
  7 slime creatures
  2 cyclopes
  2 ugly things
  An ice statue (IceCv)
  2 manticores (Lair:6)
  4 black mambas
  Joseph (D:8)
  6 elephants (Lair:3)
  2 centaur zombies
  12 spiny frogs
  2 gargoyles
  4 rime drakes
  11 freezing wraiths
  An efreet (D:15)
  5 komodo dragons
  2 tengu conjurers (D:14)
  3 jumping spiders (Lair:3)
  A wandering mushroom (Lair:6)
  A queen bee (Gauntlet)
  4 trolls
  6 meliai (D:14)
  3 wolf spider simulacra (IceCv)
  8 hippogriffs
  Prince Ribbit (D:6)
  4 dream sheep (Lair:4)
  12 blink frogs
  2 redbacks (Lair:3)
  A shadow (D:14)
  2 wyverns
  31 yaks
  3 wraiths
  4 basilisks
  5 hungry ghosts
  3 vampire mosquitoes (D:13)
  Grum (D:8)
  3 soldier ants
  Edmund (D:4)
  3 acid dragons
  16 water moccasins
  8 porcupines
  20 orc warriors
  11 ice beasts
  2 sky beasts
  4 black bears
  A necrophage (D:7)
  3 phantoms
  An eye of draining (D:12)
  11 wolves
  12 ogres
  11 centaurs
  12 crocodiles
  A big kobold (shapeshifter) (D:14)
  4 big kobolds
  12 bullfrogs
  A water moccasin zombie (Ossuary)
  2 scorpions
  28 killer bees
  An elephant simulacrum (IceCv)
  8 wights
  2 howler monkeys
  8 crimson imps
  A lava snake (D:8)
  6 draconian simulacra (IceCv)
  A quasit (D:5)
  4 hounds
  5 jellies
  2 bullfrog skeletons
  8 orc priests
  14 orc wizards
  2 centaur skeletons
  A gnoll shaman (D:4)
  An iron imp (D:9)
  4 iguanas
  2 troll simulacra (IceCv)
  9 worker ants
  A killer bee zombie (D:9)
  2 spriggan simulacra (IceCv)
  3 big kobold zombies (Ossuary)
  3 centaur simulacra (IceCv)
  A hound zombie (D:11)
  A hound skeleton (D:10)
  A worker ant zombie (D:5)
  Robin (D:2)
  2 mummies (Ossuary)
  17 gnolls
  3 ogre simulacra (IceCv)
  8 adders
  4 naga simulacra (IceCv)
  2 shadow imps
  12 white imps (IceCv)
  4 oozes
  5 adder zombies (Ossuary)
  An adder skeleton (D:8)
  6 worms
  5 dart slugs
  5 leopard geckos
  74 orcs
  4 ball pythons
  4 giant cockroaches
  3 gnoll zombies (Ossuary)
  15 goblins
  11 hobgoblins
  6 jackals
  37 kobolds
  2 quokkas
  13 bats
  6 frilled lizards
  8 hobgoblin zombies (Ossuary)
  6 kobold zombies
  An orc zombie (Ossuary)
  2 quokka zombies (D:8)
  5 rats
  A fungus (Gauntlet)
  3 plants (Gauntlet)
751 creatures vanquished.

Vanquished Creatures (others)
  A wandering mushroom (Lair:6)
  An adder zombie (D:6)
  4 fungi
  2 plants (Lair:6)
8 creatures vanquished.

Grand Total: 759 creatures vanquished

Notes
Turn   | Place    | Note
-------+----------+-------------------------------------------
     0 | D:1      | kae the Demonspawn Gladiator began the quest for the Orb.
     0 | D:1      | Reached XP level 1. HP: 16/16 MP: 1/1
   267 | D:1      | Reached skill level 3 in Maces & Flails
   280 | D:1      | Gained mutation: You are partially covered in sharp spines.
                  | [demonic ancestry]
   280 | D:1      | Reached XP level 2. HP: 18/22 MP: 2/2
   707 | D:1      | Gained mutation: You are partially covered in rugged brown
                  | scales. (AC +1, +3% HP) [demonic ancestry]
   707 | D:1      | Reached XP level 3. HP: 23/28 MP: 3/3
  1283 | D:2      | Reached skill level 4 in Maces & Flails
  1283 | D:2      | Gained mutation: You are mostly covered in rugged brown
                  | scales. (AC +2, +5% HP) [demonic ancestry]
  1283 | D:2      | Reached XP level 4. HP: 22/35 MP: 4/4
  1499 | D:2      | Noticed Robin
  1548 | D:2      | Killed Robin
  1700 | D:2      | Gained mutation: When hurt, damage is shared between your
                  | health and your magic reserves. [demonic ancestry]
  1700 | D:2      | Reached XP level 5. HP: 43/43 MP: 5/5
  1780 | D:2      | Found a white marble altar of Elyvilon.
  1798 | D:2      | Found an opulent altar of Gozag.
  2598 | D:3      | Reached skill level 5 in Maces & Flails
  2849 | D:3      | Gained mutation: You are completely covered in rugged brown
                  | scales. (AC +3, +7% HP) [demonic ancestry]
  2849 | D:3      | Reached XP level 6. HP: 43/51 MP: 6/6
  2922 | D:4      | Found Pyejirgh's General Store.
  2934 | D:4      | Bought a scroll of identify for 22 gold pieces
  2934 | D:4      | Bought a potion of heal wounds for 55 gold pieces
  3178 | D:4      | Reached skill level 6 in Maces & Flails
  3244 | D:4      | Reached XP level 7. HP: 47/58 MP: 5/7
  3632 | D:4      | Reached skill level 5 in Fighting
  3656 | D:4      | Noticed Edmund
  3665 | D:4      | Killed Edmund
  3665 | D:4      | Reached skill level 7 in Maces & Flails
  3900 | D:5      | Entered Level 5 of the Dungeon
  4284 | D:5      | Reached XP level 8. HP: 51/67 MP: 6/8
  4405 | D:5      | Found a shimmering blue altar of Sif Muna.
  4432 | D:5      | You fall into a shaft and drop 2 floors!
  4432 | D:7      | Found a sand-covered staircase.
  4438 | D:7      | Reached skill level 8 in Maces & Flails
  4441 | Ossuary  | Entered an ossuary
  4651 | D:7      | Found a staircase to the Ecumenical Temple.
  4708 | Temple   | Entered the Ecumenical Temple
  4796 | Temple   | Became a worshipper of Warmaster Okawaru
  4858 | D:7      | Reached skill level 1 in Invocations
  4897 | D:7      | Reached skill level 9 in Maces & Flails
  5119 | D:7      | Noticed a two-headed ogre
  5143 | D:7      | Reached * piety under Okawaru
  5143 | D:7      | Gained mutation: You have a pair of small antennae on your
                  | head. [demonic ancestry]
  5143 | D:7      | Reached XP level 9. HP: 33/75 MP: 5/10
  5204 | D:7      | Killed a two-headed ogre
  5561 | D:7      | Reached skill level 10 in Maces & Flails
  5756 | D:7      | Reached ** piety under Okawaru
  5756 | D:7      | Reached skill level 5 in Invocations
  5854 | D:7      | Paralysed by a gnoll for 7 turns
  5888 | D:7      | Found a stormy altar of Qazlal.
  6204 | D:6      | Noticed Prince Ribbit
  6212 | D:6      | Killed Prince Ribbit
  6212 | D:6      | Reached XP level 10. HP: 70/84 MP: 11/14
  6214 | D:6      | Found Foxuuteid's Gadget Shop.
  6241 | D:6      | Found Uplee's Armour Emporium.
  6260 | D:6      | Found Huohez's Jewellery Shop.
  6448 | D:6      | Found Jyqaymira's Book Emporium.
  6557 | D:6      | Found Lamikov's Magic Scroll Boutique.
  6567 | D:6      | Bought a scroll of magic mapping for 38 gold pieces
  6567 | D:6      | Bought a scroll of remove curse for 33 gold pieces
  6567 | D:6      | Bought a scroll of enchant weapon for 82 gold pieces
  6567 | D:6      | Bought a scroll of identify for 22 gold pieces
  6567 | D:6      | Bought a scroll of identify for 22 gold pieces
  6748 | D:6      | Noticed Pikel
  6761 | D:6      | Killed Pikel
  6761 | D:6      | Reached *** piety under Okawaru
  6858 | D:6      | Found an iron altar of Okawaru.
  7056 | D:6      | Found Nechabb's Elemental Accessories.
  7490 | D:5      | Found a white marble altar of Elyvilon.
  7588 | D:5      | Found an ancient bone altar of Kikubaaqudgha.
  8122 | D:8      | Found a burning altar of Makhleb.
  8190 | D:8      | Reached skill level 11 in Maces & Flails
  8265 | D:8      | Noticed Erica
  8316 | D:8      | Killed Erica
  8886 | D:8      | Found a basalt altar of Yredelemnul.
  8945 | D:8      | Noticed Grum
  8949 | D:8      | Reached **** piety under Okawaru
  8954 | D:8      | Killed Grum
  9031 | D:8      | Noticed Joseph
  9039 | D:8      | Killed Joseph
  9539 | D:9      | Gained mutation: You have a pair of antennae on your head.
                  | [demonic ancestry]
  9539 | D:9      | Reached XP level 11. HP: 81/95 MP: 17/17
  9619 | D:9      | Found a staircase to the Lair.
  9640 | D:9      | Reached skill level 12 in Maces & Flails
  9789 | D:9      | Got a pair of slimy gloves
  9800 | D:9      | Identified the cursed +0 pair of gloves of Lethargy {rPois
                  | MP+9} (You found it on level 9 of the Dungeon)
  9987 | D:9      | Noticed Harold
 10007 | D:9      | Killed Harold
 10007 | D:9      | Reached ***** piety under Okawaru
 10128 | D:9      | Found a snail-covered altar of Cheibriados.
 10172 | D:10     | Entered Level 10 of the Dungeon
 10234 | D:10     | Found Xanweo's General Store.
 10271 | D:10     | Found a flagged portal.
 10306 | Bailey   | Entered a bailey
 10570 | Bailey   | Got dazzling ice dragon scales
 10581 | Bailey   | Identified the +1 ice dragon scales of the Duchess {rPois
                  | rF- rC++ MR- Str+2 Stlth+} (You found it in a bailey)
 10593 | Bailey   | Noticed an orc knight
 10602 | Bailey   | Killed an orc knight
 10768 | D:10     | Killed an unseen horror
 10768 | D:10     | Received a gift from Okawaru
 10934 | D:10     | Killed an unseen horror
 10934 | D:10     | Reached skill level 10 in Fighting
 10936 | D:10     | Killed an unseen horror
 11039 | D:10     | Reached skill level 10 in Invocations
 11131 | D:10     | Noticed a two-headed ogre
 11138 | D:10     | Killed a two-headed ogre
 11177 | D:10     | Reached skill level 13 in Maces & Flails
 11281 | D:10     | Found a hide-covered altar of Uskayaw.
 11508 | D:11     | Noticed a red ugly thing
 11518 | D:11     | Killed a red ugly thing
 11538 | D:11     | Found Coudis's Antique Armour Shop.
 11558 | D:11     | Gained mutation: You are mostly covered in sharp spines.
                  | [demonic ancestry]
 11558 | D:11     | Reached XP level 12. HP: 104/104 MP: 19/19
 11573 | D:11     | Bought a distressingly furry scale mail for 315 gold pieces
 11583 | D:11     | Identified the cursed +0 scale mail "Jabriz" {rN+ Stlth+}
                  | (You bought it in a shop on level 11 of the Dungeon)
 11635 | D:11     | Noticed a four-headed hydra
 11646 | D:11     | Killed a four-headed hydra
 11837 | D:11     | Found a transporter.
 11852 | D:11     | Noticed Yorgos's ghost (novice GnWn)
 11852 | D:11     | Identified the cursed +0 great mace of Yeast {vamp, +Rage
                  | Dex+3}
 11852 | D:11     | Noticed a two-headed ogre
 11854 | D:11     | Found a bloodstained altar of Trog.
 11870 | D:11     | Found a transporter.
 12620 | D:11     | Identified the Tome of Hurtful Stones
 12633 | D:11     | Identified the Guide on the Blistering Entourage
 12839 | Lair:1   | Entered Level 1 of the Lair of Beasts
 12839 | Lair:1   | Noticed Urug
 12839 | Lair:1   | Noticed Gastronok
 12862 | Lair:1   | Killed Urug
 12862 | Lair:1   | Received a gift from Okawaru
 12863 | Lair:1   | Got a translucent plate armour {god gift}
 12875 | Lair:1   | Killed Gastronok
 12875 | Lair:1   | Reached skill level 14 in Maces & Flails
 12884 | Lair:1   | Identified the +5 plate armour of Death Resistance {rElec
                  | Regen+ Int-4} (Okawaru gifted it to you on level 1 of the
                  | Lair of Beasts)
 14447 | Lair:3   | Gained mutation: You have a pair of large antennae on your
                  | head. (SInv) [demonic ancestry]
 14447 | Lair:3   | Reached XP level 13. HP: 61/113 MP: 17/22
 14520 | Lair:3   | Found a gate leading to a gauntlet.
 14533 | Gauntlet | Entered a Gauntlet
 14533 | Gauntlet | Found a transporter.
 14533 | Gauntlet | Found a transporter.
 14557 | Gauntlet | Found a transporter.
 14557 | Gauntlet | Found a transporter.
 14557 | Gauntlet | Noticed a death ooze
 14561 | Gauntlet | Found a transporter.
 14561 | Gauntlet | Found a transporter.
 14587 | Gauntlet | Found a transporter.
 14591 | Gauntlet | Found a transporter.
 14595 | Gauntlet | Found a runed translucent door.
 14595 | Gauntlet | Found a runed translucent door.
 14597 | Gauntlet | Noticed a death ooze
 14599 | Gauntlet | Found a transporter.
 14615 | Gauntlet | Found a transporter.
 14616 | Gauntlet | Noticed a reaper
 14630 | Gauntlet | Found a transporter.
 14633 | Gauntlet | Found a transporter.
 15060 | Gauntlet | Killed a death ooze
 15060 | Gauntlet | Reached ****** piety under Okawaru
 15063 | Gauntlet | Received a gift from Okawaru
 15074 | Gauntlet | Got a steaming steel ring
 15080 | Gauntlet | Identified the ring "Danyific" {rElec rC+ Stlth+} (You
                  | found it in a Gauntlet)
 15119 | Gauntlet | Noticed a minotaur
 15132 | Gauntlet | Killed a minotaur
 15258 | Lair:3   | Reached skill level 15 in Maces & Flails
 15829 | Lair:3   | Found a hole to the Spider Nest.
 15842 | Lair:3   | Received a gift from Okawaru
 16144 | Lair:4   | Found a staircase to the Swamp.
 17503 | Lair:6   | Entered Level 6 of the Lair of Beasts
 17532 | Lair:6   | Received a gift from Okawaru
 17642 | Lair:6   | Found a frozen archway.
 17646 | Lair:6   | Reached XP level 14. HP: 82/124 MP: 21/24
 17654 | IceCv    | Entered an ice cave
 17791 | IceCv    | Received a gift from Okawaru
 17828 | IceCv    | Reached skill level 16 in Maces & Flails
 17918 | IceCv    | Found an ancient bone altar of Kikubaaqudgha.
 18125 | IceCv    | Found the +2 hood of the Assassin {Detection Stab+ Stlth++}
 18828 | Lair:6   | Found a staircase to the Slime Pits.
 18893 | Lair:6   | Found a runed translucent door.
 18893 | Lair:6   | Noticed Scuka's ghost (journeyman GrEE)
 19190 | Lair:6   | Received a gift from Okawaru
 19524 | Lair:6   | Reached skill level 15 in Invocations
 20082 | D:12     | Found Dazun's Weapon Emporium.
 20359 | D:12     | Found a staircase to the Orcish Mines.
 20534 | D:13     | Reached skill level 17 in Maces & Flails
 21077 | D:14     | Reached XP level 15. HP: 131/133 MP: 26/26
 21160 | D:14     | Received a gift from Okawaru
 21367 | D:14     | Received a gift from Okawaru
 21463 | D:14     | Received a gift from Okawaru
 21499 | D:14     | Got a pair of dazzling gloves {god gift}
 21550 | D:14     | Identified the +1 pair of gloves of the Eleven Shrikes
                  | {Int-5 Slay+3 Stlth+} (Okawaru gifted it to you on level 14
                  | of the Dungeon)
 21715 | D:14     | Found a gate to the Vaults.
 21760 | D:15     | Entered Level 15 of the Dungeon
 21789 | D:15     | HP: 3/134 [acid (12)]
 21791 | D:15     | Mangled by a slime creature

Levels and vault maps discovered:
D:1:      minmay_arrival_plants_in_alcoves, layout_basic
D:2:      layout_basic, overflow_temple_1_default, grunt_gozag_statues,
          uniq_robin
D:3:      minmay_wonky_spiral, layout_loops_corners, first_ration
D:4:      layout_basic, serial_shops, shop, corexii_item_surrounded_by_moat,
          uniq_edmund
D:5:      layout_basic, kiku_gazebo_garden_becter, marbit_many_paths,
          elyvilon_altar_5
D:6:      layout_layer_cave, serial_shops, shop, shop, shop, shop,
          nicolae_shop_temple_entry_statues_fountains, minmay_statues_item,
          nicolae_elemental_shop, okawaru_metal_pillars_1_2, uniq_pikel,
          uniq_prince_ribbit1
D:7:      layout_cave_pods, overflow_temple_1_default, minmay_temple_entry_hall,
          enter_ossuary_3
D:8:      layout_basic, kennysheep_mini_moat, lightli_temple_of_fire,
          uniq_erica, uniq_joseph, uniq_grum
D:9:      layout_irregular_city, slow_altar_2, minmay_lair_entry_grove,
          uniq_harold
D:10:     layout_irregular_city, serial_shops, nicolae_shop_waterfront,
          basic_altar, enter_bailey_6
D:11:     layout_basic, serial_shops, nicolae_shop_statue_plus,
          gammafunk_ghost_wrathful_warriors, hangedman_pestilent_swarm,
          minmay_pinched_square
D:12:     layout_roguey, orc_0_dummy, serial_shops, shop
D:13:     layout_roguey [special_room_orc]
D:14:     layout_rooms, david_vaults_4, dk_noncrumbling_4
D:15:     grunt_enter_depths_magical_seal, layout_rooms, grunt_decor_resistance,
          hangedman_parallel_progression
Temple:   nicolae_temple_great_sept
Lair:1:   layout_cave_pods, grunt_forest_large_clearing_hut, grunt_megastairs_4,
          lemuel_fruit_tree, infiniplex_staircase_pool, uniq_urug,
          uniq_gastronok
Lair:2:   layout_roguey, chequers_serial_rivers_room_b, patterned_corridor,
          grunt_megastairs_1, infiniplex_staircase_pool_2
Lair:3:   layout_chaotic_city, spider_nest_entry_funnel_web,
          gauntlet_entry_generic, serial_bayou_shore_b, lemuel_fruit_fields
Lair:4:   layout_regular_city, swamp_mist
Lair:5:   layout_cave_pods, st_stairs_8, grunt_megastairs_2
Lair:6:   evilmike_catoblepas_cave, layout_cave_pods,
          minmay_slime_entry_oklob_enclosed, gammafunk_ghost_grave,
          portal_ice_cave_rime

Skill      XL: |  1  2  3  4  5  6  7  8  9 10 11 12 13 14 15 |
---------------+----------------------------------------------+-----
Maces & Flails | 3 4 5 6 7 9 10 11 13 14 15 17 | 17.6
Fighting       | 3 4 5 6 8 9 10 11 12 13 14 | 14.1
Invocations    | 2 6 8 10 12 13 15 16 | 16.0
Throwing       | |  1.7
Dodging        | |  2.6

Action                   |  1- 3 |  4- 6 |  7- 9 | 10-12 | 13-15 || total
-------------------------+-------+-------+-------+-------+-------++-------
Melee: Flail             |    78 |   136 |    47 |       |       ||   261
       Dire flail        |       |       |   191 |   573 |   942 ||  1706
Invok: Heroism           |       |       |       |     8 |    18 ||    26
Evoke: Wand              |       |     5 |     3 |     6 |     8 ||    22
  Use: Scroll            |     6 |     4 |     7 |    16 |    10 ||    43
       Potion            |       |       |     1 |     3 |     2 ||     6
 Stab: Sleeping          |       |     3 |       |     1 |       ||     4
  Eat: Chunk             |     1 |     7 |     9 |    20 |    15 ||    52
       Ration            |       |       |       |     2 |     4 ||     6
Armor: Leather armour    |    32 |    55 |    69 |    10 |       ||   166
       Chain mail        |       |       |       |   110 |       ||   110
       Skin              |       |       |       |     1 |       ||     1
       Ice dragon scales |       |       |       |    72 |       ||    72
       Plate armour      |       |       |       |    90 |   500 ||   590
       Scale mail        |       |       |       |    53 |       ||    53
Dodge: Dodged            |    58 |    84 |   104 |   239 |   260 ||   745

Table legend:
 A = Non-vault XP
 B = Vault XP
 C = Vault XP percentage of total XP
 D = Non-vault monster count
 E = Vault monster count
 F = Vault count percentage of total count
                 A         B        C        D         E       F
            +---------+---------+-------+---------+---------+-------
      Total |   77658 |   45525 |  37.0 |     504 |     243 |  32.5
            +---------+---------+-------+---------+---------+-------
        D:1 |      58 |       4 |   6.5 |      28 |       2 |   6.7
        D:2 |     120 |      36 |  23.1 |      32 |      11 |  25.6
        D:3 |     252 |       2 |   0.8 |      36 |       1 |   2.7
        D:4 |     525 |     153 |  22.6 |      19 |       1 |   5.0
        D:5 |     767 |      55 |   6.7 |      18 |       1 |   5.3
        D:6 |     525 |     881 |  62.7 |       9 |       2 |  18.2
        D:7 |    3380 |       1 |   0.0 |      38 |       1 |   2.6
        D:8 |     702 |    2069 |  74.7 |      15 |       7 |  31.8
        D:9 |     756 |    2721 |  78.3 |      12 |      15 |  55.6
       D:10 |    5930 |       0 |   0.0 |      47 |       0 |   0.0
       D:11 |    3159 |    3454 |  52.2 |      30 |      19 |  38.8
       D:12 |    2187 |       0 |   0.0 |      20 |       0 |   0.0
       D:13 |    6874 |    1257 |  15.5 |      42 |      24 |  36.4
       D:14 |   17303 |    2828 |  14.0 |      56 |       5 |   8.2
       D:15 |    1666 |       0 |   0.0 |       2 |       0 |   0.0
     Lair:1 |    2458 |    3707 |  60.1 |      13 |       6 |  31.6
     Lair:2 |    2354 |     147 |   5.9 |       9 |       1 |  10.0
     Lair:3 |   11786 |    1388 |  10.5 |      30 |       5 |  14.3
     Lair:4 |    4508 |       0 |   0.0 |      18 |       0 |   0.0
     Lair:5 |    1168 |     810 |  41.0 |       6 |       3 |  33.3
     Lair:6 |   10644 |   13879 |  56.6 |      23 |      28 |  54.9
    Ossuary |       0 |     235 | 100.0 |       0 |      28 | 100.0
     Bailey |       0 |    1212 | 100.0 |       0 |      19 | 100.0
      IceCv |       0 |    7065 | 100.0 |       0 |      54 | 100.0
   Gauntlet |     536 |    3621 |  87.1 |       1 |      10 |  90.9
            +---------+---------+-------+---------+---------+-------
